cohdb
Replays
Latest Replays
All Replays
Popular Replays
Top Player Replays
Match Explorer
How It Works
Community
CoH3 Stats
Reddit
Sign in to upload your games and track your stats! →
Sign in with Steam
Match 39783196
Unlisted
Match 39783196
Overview
Messages
Build Orders
End
Panzergrenadier Squad
Selects Armored Support Battlegroup
250 Light Carrier
Construct Light Support Kompanie
MG34 Team
Combat Half-tracks
Selects Superior Fire Drills
Fire Support Elements
2.5-tonne Medical Truck
Vehicle Survival Package
Selects Salvage Kits
le.IG 18 Mechanized Group
Panzerjäger Squad
Construct Mechanized Kompanie
Selects Panzer Storm
254 Reconnaissance Tractor
StuG III D Assault Gun
Ms Profile Name
Swordfingerdarkblue
秋葵
Pyr0s
PÖRR8
nogadaman
Bismarck
BearableBear
0
0
Comments
sign in to comment!
No comments posted yet!